 Dungeon Crawl Stone Soup version 0.30.1-9-gdf580d7c3d (webtiles) character file.

Game seed: 18089801899448348765

63 lonewolfV2 the Shield-Bearer (level 4, -1/37 HPs)
             Began as a Formicid Fighter on Sept 27, 2023.
             Slain by a gnoll
             ... wielding a +0 spear
              (8 damage)
             ... on level 2 of the Dungeon.
             The game lasted 00:02:06 (860 turns).

lonewolfV2 the Shield-Bearer (Formicid Fighter)      Turns: 860, Time: 00:02:07

Health: -1/37      AC:  7    Str: 22    XL:     4   Next: 31%
Magic:  4/4        EV:  9    Int:  8    God:
Gold:   77         SH:  5    Dex: 13    Spells: 3/3 levels left

rFire   . . .        a - +0 war axe
rCold   . . .        c - +0 buckler
rNeg    . . .        b - +0 scale mail
rPois   .            (helmet unavailable)
rElec   .            (no cloak)
rCorr   .            (no gloves)
SInv    +            (no boots)
Will    .....        (no amulet) Stlth
                     (no ring)
HPRegen 0.26/turn    (no ring)
MPRegen 0.09/turn

%: no passive effects
@: no status effects
A: permanent stasis, dig shafts and tunnels, antennae 3, four strong arms
a: Dig, Shaft Self


You were on level 2 of the Dungeon.
You visited 1 branch of the dungeon, and saw 2 of its levels.

You collected 77 gold pieces.

Inventory:

Hand Weapons
 a - a +0 war axe (weapon)
Armour
 b - a +0 scale mail (worn)
 c - a +0 buckler (worn)
Scrolls
 i - a scroll of magic mapping
Potions
 d - a potion of might
 e - a potion of brilliance {unknown}
 f - 2 potions of curing {unknown}
 h - a potion of heal wounds {unknown}


   Skills:
 + Level 3.7 Fighting
 + Level 3.1 Axes
 + Level 3.8 Armour
 + Level 4.4 Shields


You had 3 spell levels left.
You didn't know any spells.
Your spell library was empty.

Dungeon Overview and Level Annotations

Branches:
Dungeon (2/15)

Altars:


Innate Abilities, Weirdness & Mutations

You cannot be hasted, slowed, berserked, paralysed or teleported.
You can dig through walls and to a lower floor.
You have a pair of large antennae on your head. (SInv)
Your four strong arms can wield two-handed weapons with a shield.


Message History

The gnoll closely misses you. The quokka bites you.
You slash the quokka!
You kill the quokka!
You block the gnoll's attack.
Something bites the plant.
The gnoll hits the bush with a +0 club.
The gnoll hits you from afar with a +0 spear.
Something bites the plant.
A frilled lizard comes into view.
The frilled lizard hisses angrily.
A nearby plant withers and dies.
The gnoll hits you but does no damage.
The frilled lizard bites the bush but does no damage.
The gnoll attacks as you move away!
The gnoll hits you but does no damage. x2
Something bites the bush but does no damage.
Something bites the bush but does no damage.
You slash the gnoll!
The gnoll is severely wounded.
You block the gnoll's attack.
The gnoll hits you from afar with a +0 spear!
You slash the gnoll!
You kill the gnoll!
The gnoll completely misses you.
Your Axes skill increases to level 3!
The gnoll hits you with a +0 spear.
You see here a +0 club.
You barely miss the gnoll. You block the gnoll's attack.
The gnoll hits you but does no damage.
You hit the gnoll but do no damage. The gnoll hits you but does no damage.
You slash the gnoll!
The gnoll is heavily wounded.
You block the gnoll's attack.
You hit the gnoll.
The gnoll is severely wounded.
The gnoll hits you with a +0 spear.
* * * LOW HITPOINT WARNING * * *
The gnoll hits you with a +0 spear.
* * * LOW HITPOINT WARNING * * *
You barely miss the gnoll.
The gnoll is severely wounded.
The gnoll hits you with a +0 spear!
You die...

,****,* #.*.* *,,***,,****,***
,* *,* #.*.***#..,,,,,,,**,* ,*
*,* #.#.,,,...,,,,,*,**,*
,****,*****..#***#.#******,**,*
,,,,,,,,,,,..# #.# *,**,*
**###.######.# #.# *,**,*
,,...>...†.#.# #.# *,**,*
**###.####.#.#####.#### *,**,*
*,* #.†...#.@gg...♣ *,**,*
#.###.###.#.##.#♣.♣******,*
#.....# #.#.##.♣♣..Pl..♣*,*
#####.###....#♣PgPP.♣♣...,*
#......#..♣......♣,,*,*
##.#.#...#♣♣=..P..P**,*
#.#<##.## ♣♣♣PP.♣♣#*,*
#.#.#*.#*** *♣.♣♣*,,,*
****######.#.##.#*,***,P♣ *****


You could see 2 gnolls.

Vanquished Creatures
  A gnoll (D:2)
  A worm (D:2)
  3 dart slugs (D:1)
  5 bats (D:1)
  An endoplasm (D:1)
  2 giant cockroaches
  5 goblins (D:1)
  4 hobgoblins
  7 kobolds (D:1)
  6 quokkas
  2 ball pythons (D:1)
  2 rats (D:1)
39 creatures vanquished.

Notes
Turn   | Place    | Note
-------+----------+-------------------------------------------
     0 | D:1      | lonewolfV2 the Formicid Fighter began the quest for the
                  | Orb.
     0 | D:1      | Reached XP level 1. HP: 18/18 MP: 1/1
    64 | D:1      | Reached XP level 2. HP: 24/24 MP: 2/2
   206 | D:1      | Reached XP level 3. HP: 29/29 MP: 3/3
   727 | D:2      | Reached XP level 4. HP: 26/37 MP: 4/4
   860 | D:2      | Slain by a gnoll

Illustrated notes

Levels and vault maps discovered:
D:1:      lightli_molten_gateway, layout_basic
D:2:      layout_loops_ring, serial_forest, infiniplex_forest_diagonal,
          infiniplex_forest_3_way, infiniplex_forest_clump_small,
          infiniplex_forest_clump_tiny, infiniplex_forest_end_2,
          infiniplex_forest_clump_double, infiniplex_forest_lined_corner,
          uniq_terence

Skill      XL: |  1  2  3  4 |
---------------+-------------+-----
Axes           | 3 |  3.1
Fighting       | |  3.7
Armour         | |  3.8
Shields        | |  4.4

Action                     |  1- 3 |  4- 6 || total
---------------------------+-------+-------++-------
  Melee: War axe           |   117 |    18 ||   135
    Use: Scroll            |       |     3 ||     3
 Armour: Scale mail        |    74 |     8 ||    82
  Dodge: Dodged            |    64 |     8 ||    72
  Block: Buckler           |    38 |     6 ||    44
